 Dungeon Crawl Stone Soup version 0.31.0-11-ge490571c62 (webtiles) character file.

Game seed: 7808289923196614643

3962 Flugkiller the Fighter (level 10, -7/53 (59) HPs)
             Began as a Vine Stalker Ice Elementalist on Feb 3, 2024.
             Mangled by a wight
             ... wielding a +0 halberd
              (10 damage)
             ... on level 7 of the Dungeon.
             The game lasted 00:11:54 (2394 turns).

Flugkiller the Fighter (VSIE)                       Turns: 2394, Time: 00:11:54

HP:   -7/53 (59)    AC:  5    Str: 11    XL:     10   Next: 22%
MP:   0/24          EV: 12    Int: 30    God:
Gold: 228           SH:  0    Dex: 15    Spells: 18/28 levels left

rFire   . . .        s - +6 orcbow "Cotokyer" {flame, Fly rCorr Int+6}
rCold   . . .        (shield currently unavailable)
rNeg    + . .        g - +0 steam dragon scales
rPois   .            (no helmet)
rElec   .            (no cloak)
rCorr   +            (no gloves)
SInv    .            (no boots)
Will    +....        b - amulet "Memiryruasil" {Regen+ Int+5}
Stlth   ++           c - ring of positive energy
HPRegen 1.88/turn    (no ring)
MPRegen 0.19/turn

%: guardian spirit
@: flying, studying Fighting, heavily drained
A: fangs 3, regeneration 1, magic shield, antimagic bite, no potion heal 2
a: no special abilities


You were on level 7 of the Dungeon.
You visited 2 branches of the dungeon, and saw 9 of its levels.

You collected 228 gold pieces.

Inventory:

Hand Weapons
 f - a +1 vampiric morningstar
   (You took it off a wight on level 8 of the Dungeon)
 h - a +3 dagger of venom
   (You took it off an orc wizard on level 5 of the Dungeon)
 i - a +0 orcbow
   (You found it on level 4 of the Dungeon)
 j - a +4 great sword
   (You took it off a wight on level 6 of the Dungeon)
 k - a +3 morningstar of freezing
   (You took it off a wight on level 6 of the Dungeon)
 s - the +6 orcbow "Cotokyer" (weapon) {flame, Fly rCorr Int+6}
   (You found it on level 8 of the Dungeon)

   Int+6:     It affects your intelligence (+6).
   Fly:       It grants you flight.
   rCorr:     It protects you from acid and corrosion.
 t - a +2 spear of flaming
   (You took it off a gnoll sergeant on level 7 of the Dungeon)
Armour
 d - a +0 kite shield
   (You took it off a gnoll sergeant on level 6 of the Dungeon)
 g - +0 steam dragon scales (worn)
   (You found it on level 6 of the Dungeon)
Jewellery
 b - the amulet "Memiryruasil" (around neck) {Regen+ Int+5}
   (You found it on level 3 of the Dungeon)

   [amulet of regeneration]

   Int+5:     It affects your intelligence (+5).
   Regen+:    It increases your rate of health regeneration.
 c - a ring of positive energy (left hand)
   (You found it on level 1 of the Dungeon)
 o - an amulet of reflection
   (You found it on level 4 of the Dungeon)
Talismans
 n - a blade talisman
   (You found it on level 4 of the Dungeon)
Scrolls
 a - a scroll of fog
 e - a scroll of amnesia
 l - a scroll of noise
Potions
 m - 2 potions of mutation
 q - a potion of curing


   Skills:
 - Level 10.0 Fighting
 - Level 1.5 Dodging
 - Level 2.4 Stealth
 + Level 9.6 Spellcasting
 + Level 5.2 Summonings
 - Level 7.0 Ice Magic


You had 18 spell levels left.
You knew the following spells:

 Your Spells              Type           Power      Damage    Failure   Level
a - Freeze                Ice            100%       1d10      1%          1
b - Frozen Ramparts       Ice            100%       1d16      1%          3
c - Ozocubu's Armour      Ice            54%        N/A       1%          3
d - Summon Ice Beast      Ice/Summ       51%        N/A       1%          3

Your spell library contained the following spells:

 Spells                   Type           Power      Damage    Failure   Level
 Slow                     Hex            56%        N/A       3%          1
 Tukima's Dance           Hex            14%        N/A       11%         3
 Animate Armour           Summ/Erth      60%        N/A       12%         4
 Dimensional Bullseye     Hex/Tloc       7%         N/A       34%         4
 Iskenderun's Mystic Bla  Conj/Tloc      14%        2d5       34%         4
 Malign Gateway           Summ/Tloc      15%        N/A       100%        7
 Spellforged Servitor     Conj/Summ      15%        N/A       100%        7
 Summon Horrible Things   Summ           23%        N/A       100%        8


Dungeon Overview and Level Annotations

Branches:
Dungeon (8/15) Zot: 26774  Temple (1/1) D:6 Zot: 5998
   Lair: D:8-11

Altars:
Ashenzari
Cheibriados
Dithmenos
Elyvilon
Fedhas
Gozag
Hepliaklqana
Kikubaaqudgha
Nemelex Xobeh
Okawaru
Qazlal
Ru
Trog
Uskayaw
Vehumet
Xom
Yredelemnul
Zin
The Shining One

Shops:
D:6 (

Portals:
Ossuary: D:7

Annotations:
D:6 3 runed translucent doors, happy's ghost, novice GnCA
D:7 2 transporters


Innate Abilities, Weirdness & Mutations

You have razor-sharp teeth.
Your natural rate of healing is unusually fast.
When hurt, damage is shared between your health and your magic reserves.
Your bite disrupts and absorbs the magic of your enemies.
Potions cannot restore your health.


Message History

The wall freezes the fire elemental but does no damage.
The fire elemental hits you. The fire elemental burns you!
The wight resists.
The wall freezes the wight.
The wall freezes the wight but does no damage.
The fire elemental is frozen!
The wall freezes the fire elemental!
You destroy the fire elemental!
The fire elemental disappears in a puff of smoke!
The wight resists.
The wall freezes the wight.
The wight hits your ice beast with a +6 hand axe.
Your ice beast closely misses the wight.
The wight resists.
The wall freezes the wight.
The wight resists.
The wall freezes the wight.
The wight hits your ice beast but does no damage.
The heat melts your icy armour.
Unknown command.
Okay, then.
Fire: s) +6 orcbow "Cotokyer" {flame, Fly rCorr Int+6}
Press: ? - help, Q - select action, (/) - cycle Shift-Dir - straight line, f/p - wight
Aim: a wight, wielding a +6 hand axe and wearing a +0 robe (moderately damaged, 65% to hit)
You shoot an arrow. The arrow hits the wight.
The arrow burns the wight.
The wight is severely damaged.
Your ice beast closely misses the wight.
The wight resists.
The wall freezes the wight.
The wight hits your ice beast with a +6 hand axe!
The wight resists.
The wall freezes the wight.
The wight resists.
The wall freezes the wight.
The wight resists.
The wall freezes the wight.
The wight hits your ice beast with a +0 flail!
Your ice beast hits the wight.
Your ice beast freezes the wight.
The wight resists.
The wall freezes the wight but does no damage.
The wight hits your ice beast with a +6 hand axe!
The wight drains your ice beast.
Your ice beast dies!
Your ice beast disappears in a puff of smoke!
Fire: s) +6 orcbow "Cotokyer" {flame, Fly rCorr Int+6}
Press: ? - help, Q - select action, (/) - cycle Shift-Dir - straight line, p - wight
Okay, then.
Unknown command.
It was a potion of enlightenment.
You feel more buoyant.
The wall freezes the iguana!
The wight completely resists.
The wall freezes the wight but does no damage.
The wight completely resists.
The wall freezes the wight but does no damage.
The wight resists.
The wall freezes the wight.
The wight resists.
The wall freezes the wight.
It was a potion of might.
You feel very mighty all of a sudden.
The wall freezes the iguana!
You kill the iguana!
The wight completely resists.
The wall freezes the wight but does no damage.
The wight resists.
The wall freezes the wight.
The wight resists.
The wall freezes the wight.
The wight hits you with a +0 flail.
The wall freezes the orc but does no damage.
The wall freezes the wight but does no damage.
It was a potion of cancellation.
Your magical effects are unravelling.
You feel magically purged.
Your icy armour evaporates.
The frozen ramparts melt away.
You feel a little less mighty now.
Your enlightenment fades.
The wight completely misses you.
Okay, then.
Okay, then.
Unknown command.
Fire: s) +6 orcbow "Cotokyer" {flame, Fly rCorr Int+6}
Press: ? - help, Q - select action, (/) - cycle Shift-Dir - straight line, f - wight, p - wight
Aim: a wight, wielding a +2 flail of freezing and wearing a +0 robe (severely damaged, 65% to hit)
You shoot an arrow. The arrow closely misses the wight.
The wight completely misses you. The wight hits you with a +0 flail.
You partially resist.
You feel drained.
The wight hits you with a +2 flail of freezing!
The wight freezes you.
Fire: s) +6 orcbow "Cotokyer" {flame, Fly rCorr Int+6}
Press: ? - help, Q - select action, (/) - cycle Shift-Dir - straight line, f/p - wight
Aim: a wight, wielding a +2 flail of freezing and wearing a +0 robe (severely damaged, 65% to hit)
You shoot an arrow. The arrow barely misses the wight.
The wight closely misses you. The wight hits you with a +6 hand axe.
You partially resist.
You feel drained.
Fire: s) +6 orcbow "Cotokyer" {flame, Fly rCorr Int+6}
Press: ? - help, Q - select action, (/) - cycle Shift-Dir - straight line, f/p - wight
Aim: a wight, wielding a +2 flail of freezing and wearing a +0 robe (severely damaged, 65% to hit)
You shoot an arrow. The arrow barely misses the wight.
The wight closely misses you. x2
The wight hits you with a +2 flail of freezing.
You partially resist.
You feel drained. The wight freezes you. The wight misses you.
Fire: s) +6 orcbow "Cotokyer" {flame, Fly rCorr Int+6}
Press: ? - help, Q - select action, (/) - cycle Shift-Dir - straight line, f/p - wight
Aim: a wight, wielding a +2 flail of freezing and wearing a +0 robe (severely damaged, 65% to hit)
You shoot an arrow. The arrow hits the wight.
The arrow burns the wight.
The wight is almost destroyed.
The wight barely misses you.
The wight hits you with a +2 flail of freezing!
* * * LOW HITPOINT WARNING * * *
You partially resist.
You feel drained. The wight freezes you.
* * * LOW HITPOINT WARNING * * *
The wight hits you from afar with a +0 halberd!
You die...

..).##.........#....
..###................#
..###................#
.................>...
.......z............
.########.#...##z...
..♣ ########zz.. ♣.♣
#z### .♣ #@# .♣ #z# ..
##†# ## #..# #..# #..#
#..# #..## #...#####


You could see 5 wights.

Vanquished Creatures
  A two-headed ogre (D:7)
  A wyvern (D:8)
  A steam dragon (D:6)
  A water moccasin (D:7)
  An ice beast (D:7)
  2 sky beasts (D:6)
  An orc warrior (D:8)
  An ogre (D:5)
  3 centaurs
  A kobold brigand (D:7)
  5 scorpions
  3 bullfrogs
  A gnoll sergeant (D:6)
  6 wights
  2 howler monkeys
  An orc priest (D:5)
  3 hounds
  Natasha (thrice) (D:3)
  4 iguanas
  6 orc wizards
  7 gnolls
  5 adders
  2 white imps
  An ufetubus (D:6)
  3 dart slugs
  A ribbon worm (D:3)
  21 orcs
  3 ball pythons
  An endoplasm (D:4)
  A giant cockroach (D:4)
  4 hobgoblins
  4 quokkas
  2 frilled lizards (D:3)
  2 goblins
  12 kobolds
116 creatures vanquished.

Vanquished Creatures (collateral kills)
  A troll (D:6)
  A black bear (D:6)
  A kobold brigand (D:7)
  A bullfrog (D:7)
  A gnoll sergeant (D:7)
  A wight (D:6)
  An orc priest (D:7)
  A hound (D:7)
  2 jellies (D:6)
  5 orcs
15 creatures vanquished.

Vanquished Creatures (others)
  A ribbon worm zombie (D:7)
1 creature vanquished.

Grand Total: 132 creatures vanquished

Notes
Turn   | Place    | Note
-------+----------+-------------------------------------------
     0 | D:1      | Flugkiller the Vine Stalker Ice Elementalist began the
                  | quest for the Orb.
     0 | D:1      | Reached XP level 1. HP: 9/9 MP: 4/4
    90 | D:2      | Reached XP level 2. HP: 13/13 MP: 0/6
   166 | D:3      | Reached XP level 3. HP: 16/16 MP: 1/8
   172 | D:3      | Learned a level 3 spell: Frozen Ramparts
   198 | D:3      | Noticed Natasha
   213 | D:3      | Killed Natasha
   214 | D:3      | Reached XP level 4. HP: 21/21 MP: 5/10
   219 | D:3      | Found a stormy altar of Qazlal.
   221 | D:3      | Identified the amulet "Memiryruasil" {Regen+ Int+5}
   334 | D:3      | Found a shimmering altar of Xom.
   335 | D:3      | Found a snail-covered altar of Cheibriados.
   382 | D:4      | Found a hazy altar of Hepliaklqana.
   569 | D:5      | Entered Level 5 of the Dungeon
   581 | D:5      | Reached skill level 5 in Ice Magic
   637 | D:4      | Reached XP level 5. HP: 24/24 MP: 5/12
   650 | D:4      | Learned a level 3 spell: Ozocubu's Armour
   654 | D:4      | Learned a level 3 spell: Summon Ice Beast
   803 | D:5      | Reached XP level 6. HP: 22/28 MP: 5/13
   833 | D:5      | Reached skill level 5 in Spellcasting
   939 | D:5      | Reached XP level 7. HP: 32/32 MP: 6/16
  1071 | D:6      | Found a runed translucent gate.
  1071 | D:6      | Found a runed translucent gate.
  1150 | D:6      | Reached skill level 1 in Fighting
  1159 | D:6      | Found a runed translucent gate.
  1162 | D:6      | Noticed happy's ghost (novice GnCA)
  1170 | D:6      | Noticed a troll
  1182 | D:6      | Killed a troll
  1183 | D:6      | Reached skill level 3 in Fighting
  1183 | D:6      | Gained mutation: You have razor-sharp teeth. [Vine Stalker
                  | growth]
  1183 | D:6      | Reached XP level 8. HP: 40/40 MP: 2/19
  1220 | D:6      | Reached skill level 4 in Fighting
  1255 | D:6      | Reached skill level 5 in Fighting
  1278 | D:6      | Reached skill level 6 in Fighting
  1310 | D:6      | Got Sif Muna's Precepts of the Fairies and Leadership
  1350 | D:6      | Found a staircase to the Ecumenical Temple.
  1359 | Temple   | Entered the Ecumenical Temple
  1668 | D:3      | Noticed Natasha
  1681 | D:3      | Killed Natasha
  1734 | D:3      | Noticed Natasha
  1742 | D:3      | Killed Natasha
  1743 | D:3      | Reached skill level 7 in Fighting
  1743 | D:3      | Reached XP level 9. HP: 47/49 MP: 22/22
  1897 | D:6      | Found Ahec's Antique Weapon Emporium.
  1932 | D:7      | Noticed a troll
  1932 | D:7      | Found a transporter.
  1932 | D:7      | Found a basalt altar of Yredelemnul.
  1933 | D:7      | Noticed a boulder beetle
  1934 | D:7      | Noticed a gargoyle
  1940 | D:7      | Reached skill level 8 in Fighting
  1952 | D:7      | Noticed a cyclops
  1962 | D:7      | Found a transporter.
  2007 | D:7      | Reached skill level 9 in Fighting
  2023 | D:7      | Reached skill level 1 in Summonings
  2129 | D:7      | Noticed a two-headed ogre
  2130 | D:7      | Noticed a death knight
  2143 | D:7      | Killed a two-headed ogre
  2144 | D:7      | Reached skill level 10 in Fighting
  2152 | D:7      | Noticed a hornet
  2177 | D:7      | Noticed a two-headed ogre
  2197 | D:8      | Noticed a meliai
  2204 | D:8      | Reached XP level 10. HP: 58/59 MP: 6/24
  2210 | D:8      | Noticed a deep elf pyromancer
  2223 | D:8      | Identified the +6 orcbow "Cotokyer" {flame, Fly rCorr
                  | Int+6}
  2313 | D:8      | Reached skill level 5 in Summonings
  2371 | D:7      | Noticed a deep elf pyromancer
  2371 | D:7      | Found a sand-covered staircase.
  2394 | D:7      | Mangled by a wight

Illustrated notes

Levels and vault maps discovered:
D:1:      ncdulo_wetmaze, layout_loops_ring
D:2:      layout_loops_corners
D:3:      layout_loops_corners, nicolae_overflow_squiral,
          nicolae_overflow_crystal_walls, uniq_natasha
D:4:      layout_gridville, mainiacjoe_overflow_catwalk
D:5:      layout_rooms, minmay_manual_mail
D:6:      minmay_octagon_keep, layout_cave_pools, old_standard_altar,
          nicolae_wu_jian_glorious_leap, minmay_temple_entry_waves,
          gammafunk_ghost_split, serial_shops, shop
D:7:      nzn_winding_woodlands_cross [nzn_winding_woodlands_5x15_split_checker,
          nzn_winding_woodlands_5x15_sidewinder,
          nzn_winding_woodlands_5x15_zeroes, nzn_winding_woodlands_5x15_pool,
          nzn_winding_woodlands_15x15_five_gardens], layout_rooms,
          gammafunk_temple_overflow_arena, enter_ossuary_3
D:8:      layout_basic, onia_ninara_dug_in_and_dangerous
Temple:   nicolae_temple_superstar

Skill      XL: |  1  2  3  4  5  6  7  8  9 10 |
---------------+-------------------------------+-----
Spellcasting   | 3 4 5 6 8 9 |  9.6
Ice Magic      | 5 6 7 |  7.0
Fighting       | 3 7 10 | 10.0
Summonings     | 4 5 |  5.2
Dodging        | |  1.5
Stealth        | |  2.4

Action                     |  1- 3 |  4- 6 |  7- 9 | 10-12 || total
---------------------------+-------+-------+-------+-------++-------
  Melee: Unarmed           |    10 |     3 |       |       ||    13
         Bite              |     4 |    12 |    48 |     1 ||    65
         Dagger            |       |    28 |   117 |     9 ||   154
         Punch             |       |       |     1 |       ||     1
   Fire: Orcbow            |       |       |       |    34 ||    34
   Cast: Freeze            |    15 |    12 |    10 |       ||    37
         Frozen Ramparts   |     1 |     9 |    22 |     3 ||    35
         Summon Ice Beast  |       |     1 |    18 |     4 ||    23
         Ozocubu's Armour  |       |     1 |     3 |     1 ||     5
    Use: Potion            |     1 |       |     2 |     3 ||     6
         Scroll            |       |     5 |     5 |     1 ||    11
   Stab: Sleeping          |     1 |     2 |     1 |       ||     4
         Distracted        |       |       |     1 |       ||     1
 Armour: Robe              |    17 |    20 |    25 |       ||    62
         Steam dragon scal |       |       |    59 |    44 ||   103
  Dodge: Dodged            |    19 |    21 |    78 |    42 ||   160
